 Dungeon Crawl Stone Soup version 0.29.1-12-g30fa7ad0bf (webtiles) character file.

Game seed: 14429649265976816558

113 hawla the Chiller (level 5, -6/38 HPs)
             Began as a Meteoran Ice Elementalist on Dec 23, 2022.
             Mangled by a gnoll
             ... wielding a +0 flail
             ... led by a gnoll bouda
              (7 damage)
             ... on level 4 of the Dungeon.
             The game lasted 00:01:45 (346 turns).

hawla the Chiller (Meteoran Ice Elementalist)        Turns: 346, Time: 00:01:46

Health: -6/38      AC:  2    Str: 10    XL:     5   Next: 41%
Magic:  1/12       EV: 12    Int: 18    God:
Gold:   31         SH:  0    Dex: 14    Spells: 8/12 levels left

rFire   . . .      SeeInvis .   (no weapon)
rCold   . . .      Faith    .   (no shield)
rNeg    . . .      Spirit   .   a - +0 robe
rPois   .          Reflect  .   (no helmet)
rElec   .          Harm     .   (no cloak)
rCorr   .          Rampage  .   (no gloves)
Will    .....                   (no boots)
Stlth   +.........              (no amulet)
HPRegen 0.12/turn               (no ring)
MPRegen 0.13/turn               (no ring)

@: about to teleport, glowing
A: sense surroundings 1, otherworldly, glowing, explore regen
a: no special abilities


You were on level 4 of the Dungeon.
You visited 1 branch of the dungeon, and saw 4 of its levels.

You collected 31 gold pieces.

Inventory:

Armour
 a - a +0 robe (worn)
Jewellery
 f - a ring of poison resistance
Scrolls
 g - a scroll of identify
Potions
 b - a potion of magic
 d - a potion of haste
 e - a potion of brilliance {unknown}


   Skills:
 + Level 2.6 Dodging
 - Level 1.4 Stealth
 + Level 4.4 Spellcasting
 + Level 5.7 Ice Magic


You had 8 spell levels left.
You knew the following spells:

 Your Spells              Type           Power      Damage    Failure   Level
a - Freeze                Ice            96%        1d11      1%          1
b - Frozen Ramparts       Ice            48%        1d8       4%          3

Your spell library contained the following spells:

 Spells                   Type           Power      Damage    Failure   Level
 Ozocubu's Armour         Ice            24%        N/A       4%          3
 Hailstorm                Conj/Ice       14%        3d5       41%         4


Dungeon Overview and Level Annotations

Branches:
Dungeon (4/15) Zot: 2053
 Temple: D:4-7

Altars:
Makhleb


Innate Abilities, Weirdness & Mutations

You passively map a small area around you.
You are easily found by Zot.
You glow in the dark.
You regain HP and MP as you explore.


Message History

The gnoll shouts!
The wall freezes the ball python.
The gnoll hits you from afar with a +0 spear.
The wall freezes the gnoll.
The gnoll bouda barks out a call to the hunt!
The gnolls pick up the pace!
The wall freezes the ball python.
You kill the ball python!
The gnoll closely misses you.
The wall freezes the gnoll.
The gnoll closely misses you. The gnoll barely misses you.
The wall freezes the gnoll.
You kill the gnoll!
The wall freezes the gnoll bouda.
You have reached level 5!
Your attacks no longer feel as feeble.
The gnoll completely misses you.
The wall freezes the gnoll bouda.
The wall freezes the gnoll. x2; The gnoll hits you with a +0 flail.
The wall freezes the gnoll bouda!
The gnoll bouda misses you.
The gnoll hits you from afar with a +0 spear.
Casting: Frozen Ramparts (dangerous; 4% risk of failure)
Confirm with . or Enter, or press ? or * to list all spells.
Aiming: Freeze (safe; 1% risk of failure)
Press: ? - help, Shift-Dir - straight line, f - gnoll bouda
Aim: a gnoll bouda, wielding a +0 club and wearing a +0 robe (heavily wounded)
You freeze the gnoll bouda.
The gnoll bouda is almost dead.
The gnoll hits you from afar with a +0 spear.
The wall freezes the gnoll bouda.
You kill the gnoll bouda!
The frozen ramparts melt away.
A gnoll comes into view. It is wielding a +0 club.
The gnoll hits you from afar with a +0 spear!
* * * LOW HITPOINT WARNING * * *
As you read the scroll of teleportation, it crumbles to dust.
You feel strangely unstable. The gnoll closely misses you.
The gnoll barely misses you. The gnoll attacks as you move away!
The gnoll hits you with a +0 flail.
* * * LOW HITPOINT WARNING * * *
The gnoll hits you with a +0 flail!
You die...

* #.#..####.#.#.#
*
####.#..#....#.#.#
........#.####.#.#
#....#......#.# *
#.>..########.# *
#.#...........# *
#.#############
#######.# * * *
#)gg@...# , ,
#..####### , *#...
#.#.. *#. .#. * #.
.##g* , . .# .. ,
,,* ,** .# .. ** *
, *


You could see 2 gnolls.

Vanquished Creatures
  A scorpion (D:4)
  A gnoll bouda (D:4)
  A gnoll (D:4)
  An adder (D:2)
  A giant cockroach (D:2)
  A hobgoblin (D:2)
  2 kobolds (D:2)
  2 ball pythons
10 creatures vanquished.

Notes
Turn   | Place    | Note
-------+----------+-------------------------------------------
     0 | D:1      | hawla the Meteoran Ice Elementalist began the quest for the
                  | Orb.
     0 | D:1      | Reached XP level 1. HP: 14/14 MP: 5/5
    95 | D:2      | Reached XP level 2. HP: 20/20 MP: 1/6
   197 | D:3      | Found a burning altar of Makhleb.
   313 | D:4      | Noticed a scorpion
   319 | D:4      | Killed a scorpion
   320 | D:4      | Reached skill level 5 in Ice Magic
   320 | D:4      | Reached XP level 3. HP: 13/26 MP: 1/9
   320 | D:4      | Reached XP level 4. HP: 17/33 MP: 1/11
   324 | D:4      | Learned a level 3 spell: Frozen Ramparts
   340 | D:4      | Reached XP level 5. HP: 26/38 MP: 2/12
   346 | D:4      | HP: 1/38 [gnoll/+0 flail[a gnoll bouda] (6)]
   346 | D:4      | Mangled by a gnoll

Illustrated notes

Levels and vault maps discovered:
D:1:      saegor_arrival_under_anarchy, layout_basic,
          dreamdust_ecumenical_altar_angels_and_demons
D:2:      layout_basic, eino_tiny_chamber
D:3:      layout_basic, lightli_temple_of_fire, gammafunk_temple_overflow_pools
D:4:      minmay_inner_zag, layout_basic, minmay_temple_entry_offerings,
          hex_intersection, uniq_crazy_yiuf_cottage

Skill      XL: |  1  2 |
---------------+-------+-----
Spellcasting   | 4 |  4.4
Ice Magic      | 5 |  5.7
Dodging        | |  2.6
Stealth        | |  1.4

Action                   |  1- 3 |  4- 6 || total
-------------------------+-------+-------++-------
Melee: Unarmed           |     1 |       ||     1
 Cast: Freeze            |    19 |     1 ||    20
       Frozen Ramparts   |       |     1 ||     1
  Use: Scroll            |     2 |     1 ||     3
Armor: Robe              |     4 |       ||     4
Dodge: Dodged            |    14 |     8 ||    22
